 Dungeon Crawl Stone Soup version 0.28.0 (webtiles) character file.

Game seed: 15999806486524197262

42 15bullets the Firebug (level 3, -1/27 HPs)
             Began as a Barachi Fire Elementalist on Feb 16, 2022.
             Slain by a jackal (2 damage)
             ... on level 2 of the Dungeon.
             The game lasted 00:04:06 (1308 turns).

15bullets the Firebug (Barachi Fire Elementalist)   Turns: 1308, Time: 00:04:06

Health: -1/27      AC:  2    Str:  9    XL:     3   Next: 54%
Magic:  2/6        EV: 12    Int: 19    God:
Gold:   68         SH:  0    Dex: 14    Spells: 4/7 levels left

rFire   . . .      SeeInvis .   d - +0 whip
rCold   . . .      Faith    .   (no shield)
rNeg    . . .      Spirit   .   a - +0 robe
rPois   .          Reflect  .   (no helmet)
rElec   .          Harm     .   (no cloak)
rCorr   .          Rampage  .   (no gloves)
Will    .....                   (no boots)
Stlth   ++........              (no amulet)
HPRegen 0.09/turn               (no ring)
MPRegen 0.10/turn               (no ring)

@: slow
A: amphibious, slowness 1, strong legs 1, +LOS, hooves 1, agile 1, clever 1,
wild magic 1
a: Hop


You were on level 2 of the Dungeon.
You visited 1 branch of the dungeon, and saw 2 of its levels.

You collected 68 gold pieces.

Inventory:

Hand Weapons
 c - a +0 dagger
 d - a +0 whip (weapon)
Missiles
 b - 6 curare-tipped darts
 f - 10 stones
Armour
 a - a +0 robe (worn)


   Skills:
 * Level 2.1 Fighting
 - Level 2.3 Dodging
 - Level 2.0 Stealth
 + Level 2.6 Spellcasting
 - Level 1.3 Conjurations
 + Level 3.7 Fire Magic


You had 4 spell levels left.
You knew the following spells:

 Your Spells              Type           Power      Damage    Failure   Level
a - Foxfire               Conj/Fire      60%        2x1d7     9%          1
b - Scorch                Fire           42%        2d7       9%          2

Your spell library contained the following spells:

 Spells                   Type           Power      Damage    Failure   Level
 Conjure Flame            Conj/Fire      15%        6-21      24%         3
 Inner Flame              Hex/Fire       12%        N/A       30%         3
 Flame Wave               Conj/Fire      15%        2d6       58%         4


Dungeon Overview and Level Annotations

Branches:
Dungeon (2/15)

Altars:


Innate Abilities, Weirdness & Mutations

You are amphibious.
You cover ground slowly.
You can hop short distances.
You have an extended range of vision and can be seen from far away.
You have large cloven feet.
You are agile. (Dex +2)
Your mind is acute. (Int +2)
Your spells are a little harder to cast, but a little more powerful.


Message History

You closely miss the jackal. The jackal bites you. x2
It was a potion of mutation.
You feel extremely strange.
You feel clever.
Your feet thicken and deform.
You feel less in control of your magic.
You feel agile. The jackal barely misses you.
You hit the jackal. Your kick misses the jackal.
The jackal is moderately wounded.
The jackal closely misses you.
You closely miss the jackal. Your kick misses the jackal.
The jackal is moderately wounded.
The jackal bites you.
* * * LOW HITPOINT WARNING * * *
The jackal bites you.
* * * LOW HITPOINT WARNING * * *
You aren't carrying any potions.
You closely miss the jackal.
The jackal is moderately wounded.
The jackal bites you.
* * * LOW HITPOINT WARNING * * *
The jackal misses you.
You hit the jackal but do no damage.
The jackal is moderately wounded.
The jackal bites you but does no damage.
You barely miss the jackal. Your kick misses the jackal.
The jackal is moderately wounded.
The jackal bites you but does no damage.
The jackal misses you.
You barely miss the jackal. The jackal misses you.
You hit the jackal but do no damage. The jackal closely misses you.
The jackal bites you.
* * * LOW HITPOINT WARNING * * *
You hit the jackal.
The jackal is moderately wounded.
You are ready to hop once more.
The jackal bites you.
* * * LOW HITPOINT WARNING * * *
You hit the jackal.
The jackal is almost dead.
The jackal bites you.
You die...

#.........#
#.###...#.#
#.####.##.#
#[.....##.# #
#..######.# #. #..#
#.# ###.#### #..# #.#
.......#####..######.#
###........#...h@....#
######.###.##.########
.......†h.....#
[....#.###.####
####.#.# #.# # #.# #.#
... ..# #.# ### #$#


You could see a jackal.

Vanquished Creatures
  A dart slug (D:1)
  3 ball pythons
  3 endoplasms (D:1)
  2 giant cockroaches (D:1)
  7 goblins (D:1)
  5 hobgoblins (D:1)
  2 jackals (D:2)
  2 kobolds (D:1)
  A quokka (D:1)
  2 bats (D:1)
  2 frilled lizards (D:1)
  3 rats
33 creatures vanquished.

Vanquished Creatures (others)
  63 foxfires
63 creatures vanquished.

Grand Total: 96 creatures vanquished

Notes
Turn   | Place    | Note
-------+----------+-------------------------------------------
     0 | D:1      | 15bullets the Barachi Fire Elementalist began the quest for
                  | the Orb.
     0 | D:1      | Reached XP level 1. HP: 13/13 MP: 3/3
   130 | D:1      | Reached XP level 2. HP: 19/19 MP: 0/5
   160 | D:1      | Learned a level 2 spell: Scorch
   354 | D:1      | Reached skill level 1 in Fighting
   567 | D:1      | Reached XP level 3. HP: 26/26 MP: 4/6
  1156 | D:2      | Found a faded altar of an unknown god.
  1299 | D:2      | Gained mutation: Your mind is acute. (Int +2) [potion of
                  | mutation]
  1299 | D:2      | Gained mutation: You have large cloven feet. [potion of
                  | mutation]
  1299 | D:2      | Gained mutation: Your spells are a little harder to cast,
                  | but a little more powerful. [potion of mutation]
  1299 | D:2      | Gained mutation: You are agile. (Dex +2) [potion of
                  | mutation]
  1306 | D:2      | HP: 1/27 [jackal (1)]
  1308 | D:2      | Slain by a jackal

Illustrated notes

Levels and vault maps discovered:
D:1:      minmay_arrival_glassed_features, layout_rooms, grunt_decor_resistance
D:2:      layout_loops_ring, shapermc_ecumenical_altar_ellora, uniq_sigmund

Skill      XL: |  1  2  3 |
---------------+----------+-----
Stealth        | 2 |  2.0
Fighting       | 1 2 |  2.1
Dodging        | |  2.3
Spellcasting   | |  2.6
Conjurations   | |  1.3
Fire Magic     | |  3.7

Action                   || total
-------------------------++-------
Melee: Dagger            ||     3
       Whip              ||    27
 Cast: Foxfire           ||    37
       Scorch            ||    11
 Abil: Hop               ||     3
  Use: Potion            ||     1
Armor: Robe              ||     6
Dodge: Dodged            ||    23
